 Dungeon Crawl Stone Soup version 0.20.1-1-g8b1a95d (webtiles) character file.

18 OneorTwo the Caller (level 2, -3/15 HPs)
             Began as a Tengu Summoner on July 28, 2017.
             Was an Initiate of Makhleb.
             Slain by an adder (4 damage)
             ... on level 2 of the Dungeon.
             The game lasted 00:09:10 (1174 turns).

OneorTwo the Caller (Tengu Summoner)                Turns: 1174, Time: 00:09:11

Health: -3/15      AC:  5    Str:  8    XL:     2   Next: 66%
Magic:  6/6        EV: 10    Int: 15    God:    Makhleb [......]
Gold:   16         SH:  0    Dex: 14    Spells: 4/5 levels left

rFire    x . .     SeeInvis .   g - +0 mace
rCold    + . .     Gourm    .   (no shield)
rNeg     . . .     Faith    .   j - +0 ring mail (curse)
rPois    .         Spirit   .   (helmet restricted)
rElec    .         Reflect  .   (no cloak)
rCorr    .         Harm     .   (no gloves)
MR       .....                  (boots unavailable)
Stlth    +.........             (no amulet)
Regen    0.1/turn               h - ring of ice
MPRegen  0.1/turn               (no ring)

@: lethally poisoned (-3 -> -8)
A: beak, talons 3
a: Renounce Religion


You were on level 2 of the Dungeon.
You worshipped Makhleb.
Makhleb was noncommittal.
You were near starving.

You visited 1 branch of the dungeon, and saw 2 of its levels.

You collected 16 gold pieces.

Inventory:

Hand Weapons
 g - a +0 mace (weapon)
Missiles
 d - 55 stones
 l - 6 javelins (quivered)
Armour
 a - a +0 robe
 j - a cursed +0 ring mail (worn)
Jewellery
 h - a ring of ice (left hand)
Scrolls
 e - a scroll of fear
 k - a scroll of identify
Potions
 i - a potion of lignification {unknown}
Books
 b - a book of Callings

   Spells                             Type                      Level
   a - Summon Small Mammal            Summoning                    1
   b - Call Imp                       Summoning                    2
   c - Call Canine Familiar           Summoning                    3
   d - Summon Guardian Golem          Hexes/Summoning              3
   e - Summon Lightning Spire         Summoning/Air                4
   f - Summon Ice Beast               Ice/Summoning                4
Comestibles
 c - 2 bread rations
 f - a royal jelly


   Skills:
 - Level 2.1 Dodging
 - Level 2.0 Stealth
 - Level 2.0 Spellcasting
 + Level 5.7 Summonings


You had 4 spell levels left.
You knew the following spells:

 Your Spells              Type           Power        Failure   Level  Hunger
a - Summon Small Mammal   Summ           ###.         7%          1    #......


Dungeon Overview and Level Annotations

Branches:
Dungeon (2/15)

Altars:
Makhleb


Innate Abilities, Weirdness & Mutations

You have a beak for a mouth.
You have claws for feet.


Message History

You closely miss the adder. Your peck misses the adder.
The adder is lightly wounded.
Your bat closely misses the adder.
Your bat hits the adder. The adder bites you but does no damage.
The adder barely misses you.
You barely miss the adder. You peck the adder.
The adder is heavily wounded.
* * * LOW HITPOINT WARNING * * *
You feel sick.
Your bat misses the adder. The adder bites you but does no damage.
The adder closely misses you.
You barely miss the adder.
The adder is heavily wounded.
Your bat hits the adder.
Your bat hits the adder but does no damage.
The adder barely misses your bat.
You hit the adder. Your peck misses the adder.
The adder is almost dead.
Your bat completely misses the adder.
The adder bites you.
* * * LOW HITPOINT WARNING * * *
The adder bites you.
You die...

#.####
##....# #.#
##+### #.#
#.#######
#........
##..######
##...## ###
#.....#...##
#.@S.b......
#.....#...#
##..........
###########


You could see an adder and a friendly bat.

Vanquished Creatures
  2 hobgoblins (D:1)
  A ball python (D:2)
3 creatures vanquished.

Vanquished Creatures (collateral kills)
  A dart slug (D:1)
  3 giant cockroaches (D:1)
  A goblin (D:1)
  2 hobgoblins (D:1)
  6 kobolds
  A quokka (D:2)
  3 bats (D:1)
  2 rats (D:1)
19 creatures vanquished.

Grand Total: 22 creatures vanquished

Notes
Turn   | Place    | Note
-------+----------+-------------------------------------------
     0 | D:1      | OneorTwo the Tengu Summoner began the quest for the Orb.
     0 | D:1      | Reached XP level 1. HP: 10/10 MP: 4/4
    22 | D:1      | Reached skill level 5 in Summonings
   358 | D:1      | Reached XP level 2. HP: 14/15 MP: 0/6
  1006 | D:2      | Found a burning altar of Makhleb.
  1014 | D:2      | Became a worshipper of Makhleb the Destroyer
  1174 | D:2      | Slain by an adder

Skill      XL: |  1 |
---------------+----+-----
Summonings     | 5 |  5.7
Dodging        | |  2.1
Stealth        | |  2.0
Spellcasting   | |  2.0

Action                   || total
-------------------------++-------
Melee: Unarmed           ||     7
       Kick              ||     2
       Peck              ||     2
       Mace              ||    16
 Cast: Summon Small Mamm ||    45
  Use: Scroll            ||     2
       Potion            ||     1
 Stab: Sleeping          ||     1
Armor: Robe              ||     6
       Ring mail         ||     7
Dodge: Dodged            ||    27
